 Dungeon Crawl Stone Soup version 0.20.1-1-g8b1a95d (webtiles) character file.

5832 raph the Reanimator (level 10, -9/87 HPs)
             Began as a Deep Dwarf Necromancer on Nov 11, 2017.
             Was a Believer of Makhleb.
             Mangled by a seven-headed hydra (12 damage)
             ... on level 11 of the Dungeon.
             The game lasted 00:39:54 (12639 turns).

raph the Reanimator (Deep Dwarf Necromancer)       Turns: 12639, Time: 00:39:55

Health: -9/87      AC:  8    Str: 11    XL:     10   Next: 51%
Magic:  6/19       EV: 18    Int: 22    God:    Makhleb [**....]
Gold:   99         SH:  0    Dex: 14    Spells: 4/21 levels left

rFire    . . .     SeeInvis .   a - +2 hand axe (pain)
rCold    + + .     Gourm    .   (no shield)
rNeg     . . .     Faith    .   n - +0 leather armour
rPois    .         Spirit   .   (no helmet)
rElec    .         Reflect  .   (no cloak)
rCorr    .         Harm     .   x - +2 pair of gloves
MR       +....                  d - +1 pair of boots "Bimun" {*Contam rC++}
Stlth    +++.......             (no amulet)
Regen    0.0/turn               f - +3 ring of evasion
MPRegen  0.2/turn               R - +3 ring of intelligence

@: non-regenerating
A: damage resistance, heal wounds, sense surroundings 2, no regeneration
a: Heal Wounds, Minor Destruction, Renounce Religion


You were on level 11 of the Dungeon.
You worshipped Makhleb.
Makhleb was pleased with you.
You were not hungry.

You visited 2 branches of the dungeon, and saw 12 of its levels.

You collected 428 gold pieces.
You spent 329 gold pieces at shops.

Inventory:

Hand Weapons
 a - a +2 hand axe of pain (weapon)
 b - the +1 arbalest "Giabb" {velocity, rF- Dex+6}
   (You found it on level 9 of the Dungeon)

   Any bolt fired from it inflicts extra damage.
   It affects your dexterity (+6).
   It makes you vulnerable to fire.
 i - a +0 war axe
 y - the +11 spear "Qysaucwoiwk" {flame, rN+}
   (You found it on level 6 of the Dungeon)

   It has been specially enchanted to burn those struck by it, causing extra
   injury to most foes and up to half again as much damage against particularly
   susceptible opponents.
   It protects you from negative energy.
 H - a +0 demon whip of venom
Missiles
 k - 135 stones (quivered)
 q - 2 throwing nets
 G - 8 steel tomahawks
 J - 34 bolts
Armour
 d - the +1 pair of boots "Bimun" (worn) {*Contam rC++}
   (You bought it in a shop on level 9 of the Dungeon)

   It greatly protects you from cold.
   It causes magical contamination when unequipped.
 n - a +0 leather armour (worn)
 x - a +2 pair of gloves (worn)
Jewellery
 f - a +3 ring of evasion (left hand)
 m - a +4 ring of strength
 I - an uncursed ring of protection from fire
 R - a +3 ring of intelligence (right hand)
Wands
 o - a wand of iceblast (6/15)
 t - a wand of confusion (19/48)
 D - a wand of paralysis (4/24)
 E - a wand of enslavement (16/24)
 K - a wand of polymorph (19/24)
 M - a wand of enslavement (14/24)
 O - a wand of digging (13/24)
Scrolls
 j - 3 scrolls of fear
 w - 2 scrolls of magic mapping
 F - a scroll of amnesia
 S - 3 scrolls of identify
Potions
 e - 2 potions of lignification
 h - 3 potions of agility
 l - 2 potions of flight
 p - 4 potions of curing
 r - 5 potions of degeneration
 s - 3 potions of haste
 z - 3 potions of mutation
 A - a potion of might
 N - a potion of ambrosia {unknown}
 P - a potion of brilliance {unknown}
Books
 v - a book of Conjurations

   Spells                             Type                      Level
   a - Magic Dart                     Conjuration                  1
   b - Searing Ray                    Conjuration                  2
   c - Dazzling Spray                 Conjuration/Hexes            3
   d - Fulminant Prism                Conjuration/Hexes            4
   e - Force Lance                    Conjuration/Translocation    4
   f - Iskenderun's Mystic Blast      Conjuration                  4
 L - a book of Necromancy

   Spells                             Type                      Level
   a - Pain                           Necromancy                   1
   b - Animate Skeleton               Necromancy                   1
   c - Vampiric Draining              Necromancy                   3
   d - Regeneration                   Charms/Necromancy            3
   e - Animate Dead                   Necromancy                   4
   f - Control Undead                 Necromancy                   4
Miscellaneous
 g - a phial of floods (inert)
Comestibles
 c - a bread ration
 Q - a chunk of flesh


   Skills:
 + Level 4.6 Fighting
 * Level 6.1 Axes
 - Level 0.4 Crossbows
 + Level 5.9 Dodging
 + Level 7.1 Stealth
 * Level 6.0 Spellcasting
 + Level 3.1 Conjurations
 * Level 9.6 Necromancy
 + Level 4.5 Invocations


You had 4 spell levels left.
You knew the following spells:

 Your Spells              Type           Power        Failure   Level  Hunger
a - Pain                  Necr           ####         1%          1    None
b - Animate Skeleton      Necr           N/A          1%          1    None
c - Vampiric Draining     Necr           #####.....   1%          3    #......
d - Animate Dead          Necr           N/A          2%          4    ###....
e - Control Undead        Necr           #####.....   2%          4    ###....
f - Magic Dart            Conj           ###.         3%          1    None
g - Dazzling Spray        Conj/Hex       ##....       19%         3    #......


Dungeon Overview and Level Annotations

Branches:
Dungeon (11/15)            Temple (1/1) D:4             Orc (0/2) D:10
   Lair: D:8-11

Altars:
Ashenzari
Cheibriados
Dithmenos
Elyvilon
Fedhas
Gozag
Hepliaklqana
Kikubaaqudgha
Makhleb
Nemelex Xobeh
Okawaru
Qazlal
Ru
Sif Muna
Trog
Uskayaw
Vehumet
Xom
Yredelemnul
Zin
The Shining One

Shops:
D:8 (   D:9 *[

Portals:
Ossuary: D:5

Annotations:
D:5 Linguinho's ghost, amateur DsFi
D:10 1 exclusion


Innate Abilities, Weirdness & Mutations

You are resistant to damage.
You can heal yourself by infusing magical energy.
You passively map the area around you.
You do not regenerate.


Message History

The seven-headed hydra bites you. The seven-headed hydra bites you!
* * * LOW HITPOINT WARNING * * *
The leopard gecko closely misses you. The eye of draining gazes at you.
You feel your power leaking away. The leopard gecko closely misses you.
Casting: Vampiric Draining
Confirm with . or Enter, or press ? or * to list all spells.
Aiming: Vampiric Draining
Press: ? - help, Shift-Dir - straight line, f/p - seven-headed hydra
Aim: a seven-headed hydra (lightly wounded)
The seven-headed hydra is moderately wounded.
You feel life coursing into your body. The leopard gecko closely misses you.
The seven-headed hydra bites you!
* * * LOW HITPOINT WARNING * * *
The seven-headed hydra bites you.
The seven-headed hydra barely misses you.
The seven-headed hydra completely misses you.
The seven-headed hydra misses you. The seven-headed hydra bites you!
You die...

* , , , , #...# * ,
, ,* ** #.... ,
#...# * * , , #...#
, * , #...# , ,,
######...# ,
..........# , , ,,
.........@l# * *
........≈D≈#
........≈Eo# * * ,
.....G..≈≈.# *,
G..........# ,
...a.......# *
*,,....>......# , *
......oo...# *,
..>........#####***
,


You could see a seven-headed hydra, an eye of draining, a soldier ant, an orc
warrior, an orc priest, an orc, a leopard gecko and a friendly water elemental.

Vanquished Creatures
  Urug (D:10)
  2 ugly things (D:10)
  A centaur zombie (D:10)
  A hornet (D:10)
  Prince Ribbit (D:9)
  A hippogriff (D:8)
  Sigmund (D:3)
  2 wyverns (D:10)
  A water moccasin (D:8)
  2 orc warriors
  4 ice beasts
  A phantom (D:10)
  A necrophage (D:6)
  6 ogres
  4 centaurs
  A big kobold (D:7)
  4 bullfrogs
  2 scorpions
  A wyvern skeleton (D:7)
  A howler monkey (D:10)
  2 electric eels (D:10)
  2 crimson imps
  A quasit (D:10)
  8 hounds
  3 jellies
  4 orc wizards
  A centaur skeleton (D:8)
  2 orc priests (D:4)
  3 iguanas
  Ijyb (D:4)
  3 worker ants
  2 hound skeletons
  A worker ant zombie (D:10)
  12 adders
  6 gnolls
  4 shadow imps
  An adder skeleton (D:8)
  2 adder zombies
  A worm (D:3)
  A dart slug (D:3)
  8 leopard geckos
  29 orcs
  A ball python (D:3)
  4 giant cockroaches
  9 goblins
  12 hobgoblins
  13 kobolds
  4 quokkas
  8 bats
  3 frilled lizards
  A jackal skeleton (D:4)
  A leopard gecko zombie (D:9)
  2 quokka skeletons
  5 rats
198 creatures vanquished.

Vanquished Creatures (collateral kills)
  A crimson imp (D:10)
  A hound (D:3)
  An adder (D:2)
  A worm (D:2)
  A dart slug (D:2)
  An orc (D:3)
  A bat (D:2)
  A hobgoblin (D:1)
8 creatures vanquished.

Grand Total: 206 creatures vanquished

Notes
Turn   | Place    | Note
-------+----------+-------------------------------------------
     0 | D:1      | raph the Deep Dwarf Necromancer began the quest for the Orb.
     0 | D:1      | Reached XP level 1. HP: 15/15 MP: 3/3
    30 | D:1      | Learned a level 1 spell: Animate Skeleton
   340 | D:1      | Reached XP level 2. HP: 6/24 MP: 0/4
  1214 | D:2      | Reached XP level 3. HP: 8/30 MP: 2/6
  1264 | D:2      | Learned a level 3 spell: Vampiric Draining
  1347 | D:2      | Reached skill level 5 in Necromancy
  1516 | D:2      | Found a white marble altar of Elyvilon.
  1737 | D:2      | Reached XP level 4. HP: 14/37 MP: 0/7
  1770 | D:2      | Reached skill level 1 in Fighting
  2781 | D:3      | Noticed Sigmund
  2985 | D:3      | Reached XP level 5. HP: 28/44 MP: 0/8
  3099 | D:3      | Noticed a hippogriff
  3597 | D:3      | Learned a level 4 spell: Animate Dead
  4108 | D:3      | Found a faded altar of an unknown god.
  4119 | D:3      | Killed Sigmund
  4119 | D:3      | Reached skill level 6 in Necromancy
  4119 | D:3      | Reached XP level 6. HP: 51/52 MP: 2/10
  4604 | D:4      | Found a staircase to the Ecumenical Temple.
  4605 | D:4      | Noticed Ijyb
  4616 | D:4      | Killed Ijyb
  4616 | D:4      | Reached XP level 7. HP: 59/60 MP: 0/11
  4626 | Temple   | Entered the Ecumenical Temple
  4797 | Temple   | Became a worshipper of Makhleb the Destroyer
  5361 | D:4      | Found a bloodstained altar of Trog.
  5361 | D:4      | Found an iron altar of Okawaru.
  5361 | D:4      | Found a stormy altar of Qazlal.
  5361 | D:4      | Found a glowing golden altar of the Shining One.
  5422 | D:4      | Learned a level 1 spell: Magic Dart
  5854 | D:5      | Entered Level 5 of the Dungeon
  5870 | D:5      | Reached skill level 1 in Axes
  5870 | D:5      | Reached skill level 7 in Necromancy
  5939 | D:5      | Found a sand-covered staircase.
  6010 | D:5      | Noticed Linguinho's ghost (amateur DsFi)
  6095 | D:6      | Found a burning altar of Makhleb.
  6111 | D:6      | Reached skill level 5 in Stealth
  6337 | D:6      | Reached skill level 1 in Conjurations
  6337 | D:6      | Reached XP level 8. HP: 26/67 MP: 3/13
  6471 | D:6      | Got an encrusted spear
  6472 | D:6      | Identified the +11 spear "Qysaucwoiwk" {flame, rN+} (You found it on level 6 of the Dungeon)
  6624 | D:6      | Reached * piety under Makhleb
  6869 | D:6      | Learned a level 4 spell: Control Undead
  7278 | D:6      | Found a shadowy altar of Dithmenos.
  7420 | D:7      | Reached skill level 1 in Invocations
  8128 | D:7      | You fall through a shaft for 3 floors!
  8128 | D:10     | Entered Level 10 of the Dungeon
  8144 | D:10     | Reached skill level 5 in Dodging
  8144 | D:10     | Reached skill level 8 in Necromancy
  8201 | D:10     | Noticed a two-headed ogre
  8488 | D:9      | Gained mutation: You passively map the area around you. [Deep Dwarf growth]
  8488 | D:9      | Reached XP level 9. HP: 55/75 MP: 8/15
  8561 | D:9      | Learned a level 3 spell: Dazzling Spray
  8665 | D:9      | Found Ygiafiwk's Antique Armour Boutique.
  8764 | D:9      | Bought a pair of encrusted boots for 275 gold pieces
  8769 | D:9      | Identified the +1 pair of boots "Bimun" {*Contam rC++} (You bought it in a shop on level 9 of the Dungeon)
  8853 | D:9      | Found Peutan's Assorted Antiques.
  9125 | D:9      | Got a crude arbalest
  9126 | D:9      | Identified the cursed +1 arbalest "Giabb" {velocity, rF- Dex+6} (You found it on level 9 of the Dungeon)
  9810 | D:7      | Found an opulent altar of Gozag.
 10053 | D:8      | Reached ** piety under Makhleb
 10270 | D:8      | Reached skill level 5 in Spellcasting
 11086 | D:8      | Found Ujafax's Antique Weapon Emporium.
 11310 | D:9      | Bought a scroll of identify for 54 gold pieces
 11415 | D:9      | Noticed Prince Ribbit
 11468 | D:9      | Killed Prince Ribbit
 11614 | D:9      | Reached skill level 5 in Axes
 11902 | D:10     | Reached skill level 9 in Necromancy
 12095 | D:10     | Found a staircase to the Orcish Mines.
 12106 | D:10     | Noticed Urug
 12121 | D:10     | Killed Urug
 12121 | D:10     | Reached XP level 10. HP: 86/86 MP: 6/18
 12215 | D:10     | Paralysed by a hornet for 1 turns
 12231 | D:10     | Noticed a cyan ugly thing
 12249 | D:10     | Killed a cyan ugly thing
 12349 | D:10     | Noticed a five-headed hydra
 12349 | D:10     | Noticed a red ugly thing
 12372 | D:10     | Killed a red ugly thing
 12490 | D:10     | Noticed a two-headed ogre
 12619 | D:11     | Noticed a red ugly thing
 12624 | D:11     | Noticed a seven-headed hydra
 12639 | D:11     | HP: 3/87 [seven-headed hydra (10)]
 12639 | D:11     | Mangled by a seven-headed hydra

Skill      XL: |  1  2  3  4  5  6  7  8  9 10 |
---------------+-------------------------------+-----
Spellcasting   | 2 3 4 5 6 |  6.0
Necromancy     | 5 6 7 8 9 |  9.6
Fighting       | 1 2 3 4 |  4.6
Stealth        | 3 4 5 6 7 |  7.1
Dodging        | 3 4 5 |  5.9
Axes           | 2 3 5 6 |  6.1
Conjurations   | 1 2 3 |  3.1
Invocations    | 2 3 4 |  4.5
Crossbows      | |  0.4

Action                   |  1- 3 |  4- 6 |  7- 9 | 10-12 || total
-------------------------+-------+-------+-------+-------++-------
Melee: Unarmed           |     5 |       |       |       ||     5
       Mace              |     5 |       |       |       ||     5
       Whip              |     3 |    28 |       |       ||    31
       War axe           |       |     5 |     1 |       ||     6
       Hand axe          |       |       |   152 |    56 ||   208
       Spear             |       |       |     1 |       ||     1
       Arbalest          |       |       |     3 |       ||     3
 Fire: Arbalest          |       |       |    16 |     1 ||    17
Throw: Stone             |       |       |     1 |       ||     1
 Cast: Pain              |    60 |    96 |   143 |     5 ||   304
       Animate Skeleton  |    19 |    12 |    14 |     2 ||    47
       Vampiric Draining |     4 |    21 |    54 |    15 ||    94
       Animate Dead      |       |     3 |    11 |     3 ||    17
       Magic Dart        |       |       |    32 |     4 ||    36
       Control Undead    |       |       |    11 |     1 ||    12
       Dazzling Spray    |       |       |     1 |       ||     1
 Abil: Heal Wounds       |       |     1 |       |       ||     1
Evoke: Wand              |       |       |     3 |       ||     3
       Phial of floods   |       |       |       |     1 ||     1
  Use: Scroll            |       |     8 |    13 |     1 ||    22
       Potion            |       |       |       |     3 ||     3
 Stab: Sleeping          |       |     1 |     6 |       ||     7
       Paralysed         |       |       |     3 |       ||     3
       Distracted        |       |       |     1 |       ||     1
  Eat: Chunk             |     4 |     8 |    17 |     1 ||    30
       Bread ration      |       |     1 |       |     1 ||     2
       Fruit             |       |       |     6 |       ||     6
       Meat ration       |       |       |     1 |       ||     1
       Royal jelly       |       |       |     1 |       ||     1
Armor: Robe              |     6 |    10 |       |       ||    16
       Leather armour    |       |    19 |    61 |    29 ||   109
Dodge: Dodged            |    23 |    57 |   218 |    80 ||   378
